Unix NetHack Version 5.0.0-0 post-release - last build Jun 10 2026 00:39:30 (3ee93aec679c4c4259841fe613dc97188e26a321,branch:main).

Game began 2026-06-13 00:53:24, ended 2026-06-13 01:03:26.

Drastanta, lawful male human Knight

         |.-...
     -----.....
     |@.`...|%.
     |.G------.

Drastanta the Gallant    St:17 Dx:9 Co:11 In:7 Wi:14 Ch:17  Lawful
Dlvl:6  $:39 HP:0(21) Pw:12(12) AC:0  Xp:2 T:1828 

Latest messages:
 The gnome lord misses!
 You miss the gnome lord.
 The gnome lord swings his crossbow.
 The gnome lord misses!
 You hit the gnome lord!
 The gnome lord drinks a cloudy potion!
 The gnome lord looks completely healed.
 You miss the gnome lord.
 The gnome lord swings his crossbow.
 The gnome lord misses!
 You hit the gnome lord.
 The gnome lord swings his crossbow.
 The gnome lord hits!
 You miss the gnome lord.
 The gnome lord swings his crossbow.
 The gnome lord misses!
 You miss the gnome lord.
 The gnome lord swings his crossbow.
 The gnome lord hits!
 Are you sure you want to pray? [yn] (n) y
 You begin praying to Lugh.
 The gnome misses!
 You finish your prayer.
 The voice of Lugh booms out: 
 "Thou art arrogant, mortal."
 "Thou must relearn thy lessons!"
 You feel foolish!
 Fare thee well level 3.
 What do you want to write with? [- aw or ?*] ?
 You engrave in the floor with a +1 long sword (weapon in right hand).
 What do you want to engrave in the floor here? Elbereth
 Your long sword gets dull.
 a - a +0 long sword (weapon in right hand).
 You stop engraving.
 What do you want to write with? [- aw or ?*] -
 You cannot wipe out the message that is engraved in the floor here.
 The gnome misses!
 The gnome lord swings his crossbow.
 The gnome lord misses!
 You hit the gnome lord!
 The gnome lord swings his crossbow.
 The gnome lord misses!
 You hit the gnome lord.
 The gnome lord swings his crossbow.
 The gnome lord just misses!
 You hit the gnome lord!
 The gnome lord swings his crossbow.
 The gnome lord hits!
 You die...
 Do you want your possessions identified? [ynq] (y) q

Inventory:
 Coins    ('$')
  $ - 39 gold pieces
 Weapons  (')')
  a - a +0 long sword (weapon in right hand)
 Armor    ('[')
  d - an uncursed +0 helmet (being worn)
  f - an uncursed +0 pair of leather gloves (being worn)
  m - a blessed fireproof +2 pair of low boots (being worn)
  e - an uncursed +0 small shield (being worn)
  c - an uncursed +1 ring mail (being worn)
 Comestibles  ('%')
  i - 4 uncursed Cans of White Monster
  g - 9 uncursed apples
  h - 13 uncursed carrots
  p - 2 uncursed food rations
  n - an uncursed tripe ration
 Potions  ('!')
  z - an uncursed potion of booze
  q - an uncursed potion of extra healing
  u - an uncursed potion of hallucination
  l - 3 uncursed potions of healing
  r - an uncursed potion of invisibility
  s - a blessed potion of object detection
  j - 2 uncursed potions of paralysis
  v - a blessed potion of see invisible
  t - an uncursed potion of sleeping
 Rings    ('=')
  w - an uncursed ring of free action
 Tools    ('(')
  x - an empty cursed sack
  y - a cursed tallow candle

Drastanta the Knight's attributes:

Background:
 You were a Gallant, a level 2 male human Knight.
 You were lawful, on a mission for Lugh
 who was opposed by Brigit (neutral) and Manannan Mac Lir (chaotic).
 You were right-handed.
 You were in the Gnomish Mines, on level 6.
 You entered the dungeon 1828 turns ago.
 It was nighttime.
 You had 39 experience points, 1 more was needed to attain level 3.

Basics:
 You had 0 out of 21 hit points.
 You had all 12 energy points (spell power).
 Your armor class was 0.
 Your wallet contained 39 zorkmids.
 Autopickup was on for '$' plus thrown.

Final Characteristics:
 Your strength was 17 (limit:18/100).
 Your dexterity was 9 (limit:18).
 Your constitution was 11 (limit:18).
 Your intelligence was 7 (limit:18).
 Your wisdom was 14 (peak:15, limit:18).
 Your charisma was 17 (limit:18).

Final Status:
 You weren't hungry.
 You were unencumbered.
 You were wielding a long sword.
 You had basic skill with long sword.

Final Attributes:
 You were devoutly aligned.
 You could jump.
 You were warded.
 You were unlucky.
 Lugh was angry with you.
 You are dead.

Miscellaneous:
 You didn't encounter any bones levels.
 Total elapsed playing time was 10 minutes and 1 second.

Major events:
 Turn
    1: Drastanta the lawful male human Knight entered the dungeon
 1571: entered the Gnomish Mines
 1575: attained the rank of Esquire (level 3)
 1828: killed by a gnome lord

You didn't know any spells.

Skills:
 Fighting Skills
   bare handed combat [Unskilled]
   two weapon combat  [Unskilled]
   riding             [Basic]
 Weapon Skills
   dagger             [Unskilled]
   knife              [Unskilled]
   axe                [Unskilled]
   pick-axe           [Unskilled]
   short sword        [Unskilled]
   broadsword         [Unskilled]
   long sword         [Basic]
   two-handed sword   [Unskilled]
   saber              [Unskilled]
   club               [Unskilled]
   mace               [Unskilled]
   morning star       [Unskilled]
   flail              [Unskilled]
   hammer             [Unskilled]
   polearms           [Unskilled]
   spear              [Unskilled]
   trident            [Unskilled]
   lance              [Basic]
   bow                [Unskilled]
   crossbow           [Unskilled]
 Spellcasting Skills
   attack spells      [Unskilled]
   healing spells     [Unskilled]
   clerical spells    [Unskilled]

Voluntary challenges:
 Character rerolling was not enabled.
 You never genocided any monsters.
 You never polymorphed an object.
 You never changed form.
 You used no wishes.
Achievements:
 You entered a shop.
 You entered the Gnomish Mines.
 You attained the rank of Esquire.

 The Dungeons of Doom: levels 1 to 3
    Level 1:
       Some fountains.
    Level 2:
       A fountain.
    Level 3:
       A potion shop.
       Stairs down to The Gnomish Mines.
 The Gnomish Mines: levels 4 to 6
    Level 4:
    Level 6: <- You were here.
       Final resting place for
          you, killed by a gnome lord.


Vanquished creatures:
  2 gnome leaders
  a giant bat
  a large kobold
  a yellow mold
  6 gnomes
  3 jackals
  a fox
  a goblin
  a grid bug
  3 lichens
  a kobold zombie
  8 newts
29 creatures vanquished.

No species were genocided or became extinct.

Game over:
                       ----------
                      /          \
                     /    REST    \
                    /      IN      \
                   /     PEACE      \
                  /                  \
                  |    Drastanta     |
                  |      39 Au       |
                  |   killed by a    |
                  |    gnome lord    |
                  |                  |
                  |                  |
                  |       2026       |
                 *|     *  *  *      | *
        _________)/\\_//(\/(/\)/\//\/|_)_______

Fare thee well Drastanta the Knight...

You died in The Gnomish Mines on dungeon level 6 with 578 points,
and 39 pieces of gold, after 1828 moves.
You were level 2 with a maximum of 21 hit points when you died.

